 Dungeon Crawl Stone Soup version 0.31.0-32-g396128a36d (webtiles) character file.

Game seed: 14695028644931717642

5456 Doomgape the Covert (level 10, 0/44 HPs)
             Began as a Spriggan Conjurer on Mar 10, 2024.
             Killed by divine providence
             ... invoked by a smoke demon
              (19 damage)
             ... on level 15 of the Dungeon.
             The game lasted 01:01:06 (10144 turns).

Doomgape the Covert (Spriggan Conjurer)            Turns: 10144, Time: 01:01:06

Health: 0/44       AC:  6    Str:  1 (3)  XL:     10   Next: 41%
Magic:  18/18      EV: 18    Int: 22 (23) God:
Gold:   691        SH:  0    Dex: 10 (13) Spells: 9/19 levels left

rFire   . . .        h - staff of air
rCold   . . .        (shield currently unavailable)
rNeg    . . .        A - +0 steam dragon scales
rPois   .            (helmet restricted)
rElec   +            c - +0 cloak {Stlth+}
rCorr   +            (gloves unavailable)
SInv    +            (boots unavailable)
Will    ++...        y - amulet of magic regeneration
Stlth   ++++++       i - ring of resist corrosion
HPRegen 0.27/turn    e - ring of willpower
MPRegen 0.56/turn

%: no passive effects
@: fragile (+50% incoming damage), studying Axes, very quick
A: very small, no large weapons, unfitting armour, see invisible, speed 3, dopey
1
a: no special abilities


You were on level 15 of the Dungeon.
You visited 2 branches of the dungeon, and saw 16 of its levels.
You also visited: Gauntlet.

You collected 691 gold pieces.

Inventory:

Hand Weapons
 t - a +1 dagger of flaming
Armour
 c - a +0 cloak of stealth (worn)
 o - the +2 cloak "Muloox" {Str+5}
   (You found it in a Gauntlet)

   Str+5:     It affects your strength (+5).
 A - +0 steam dragon scales (worn)
 F - a +1 robe of cold resistance
Magical Staves
 h - a staff of air (weapon)
 w - a staff of conjuration
 z - the staff "Nimnuira" {rPois Will+ Dex+4 Alchemy}
   (You found it in a Gauntlet)

   [staff of alchemy]

   Base accuracy: +5 Base damage: 5 Base attack delay: 1.2 This weapon's minimum
   attack delay (0.6) is reached at skill level 12.
   Dex+4:     It affects your dexterity (+4).
   rPois:     It protects you from poison Will+: It increases your willpower.
   Alchemy:   It increases the power of your Alchemy spells.
   It falls into the 'Staves' category.
   It is a two-handed weapon.
Jewellery
 e - a ring of willpower (right hand)
 g - a ring of protection from fire
 i - a ring of resist corrosion (left hand)
 l - an amulet of regeneration
 m - a ring of positive energy
 v - the ring "Daigg" {Fire rElec rPois rN+ Dex+3}
   (You found it in a Gauntlet)

   [ring of fire]

   Fire:      It enhances your fire magic.
   Dex+3:     It affects your dexterity (+3).
   rF+:       It protects you from fire.
   rC-:       It makes you vulnerable to cold.
   rElec:     It insulates you from electricity.
   rPois:     It protects you from poison rN+: It protects you from negative
   energy.
 y - an amulet of magic regeneration (around neck)
Wands
 u - a wand of polymorph (2)
 B - a wand of mindburst (8)
 E - a wand of digging (4)
Scrolls
 a - 2 scrolls of poison
 k - a scroll of revelation
 n - a scroll of identify
 p - a scroll of vulnerability
 r - 7 scrolls of teleportation
 s - a scroll of enchant weapon
 x - 3 scrolls of enchant armour
 C - a scroll of fear
 D - a scroll of blinking
Potions
 b - 3 potions of magic
 d - 3 potions of heal wounds
 f - 2 potions of brilliance
 j - a potion of attraction
 q - a potion of curing


   Skills:
 + Level 5.1 Dodging
 + Level 13.8 Stealth
 - Level 5.0 Spellcasting
 + Level 7.4 Conjurations
 + Level 7.2 Air Magic


You had 9 spell levels left.
You knew the following spells:

 Your Spells              Type           Power      Damage    Failure   Level
a - Magic Dart            Conj           100%       1d8       1%          1
b - Searing Ray           Conj           76%        2d7       1%          2
c - Airstrike             Air            27%        2d(4-20)  4%          4
d - Shock                 Conj/Air       100%       1d9       1%          1
e - Ensorcelled Hibernat  Hex/Ice        10%        N/A       16%         2

Your spell library contained the following spells:

 Spells                   Type           Power      Damage    Failure   Level
 Swiftness                Air            54%        N/A       1%          3
 Mercury Vapours          Alch/Air       64%        N/A       3%          2
 Mephitic Cloud           Conj/Alch/Air  40%        N/A       4%          3
 Stone Arrow              Conj/Erth      42%        3d9       7%          3
 Sandblast                Erth           10%        2d5       10%         1
 Lesser Beckoning         Tloc           10%        N/A       16%         2
 Brom's Barrelling Bould  Conj/Erth      21%        2d4       22%         4
 Fulminant Prism          Conj/Alch      10%        3d9       22%         4
 Iskenderun's Mystic Bla  Conj/Tloc      21%        2d6       22%         4
 Gell's Gravitas          Tloc           5%         N/A       30%         3
 Passwall                 Erth           5%         N/A       30%         3
 Teleport Other           Tloc           5%         N/A       30%         3
 Freezing Cloud           Conj/Ice/Air   20%        6-21      36%         5


Dungeon Overview and Level Annotations

Branches:
Dungeon (15/15)            Temple (1/1) D:7          Depths (0/4) D:15
Gauntlet (visited)
   Lair: D:8-11         Orc: D:9-12      Vaults: D:13-14

Altars:
Cheibriados
Dithmenos
Elyvilon
Fedhas
Gozag
Hepliaklqana
Nemelex Xobeh
Qazlal
Ru
Trog
Uskayaw
Wu Jian
Xom
Yredelemnul
Zin
The Shining One

Shops:
D:10 =

Portals:
Trove: D:15 (show abyssal rune of Zot)

Annotations:
D:7 Joseph
D:8 Gastronok


Innate Abilities, Weirdness & Mutations

You are very small and have problems with some larger weapons.
You are too small for most types of armour.
You have supernaturally acute eyesight. (SInv)
You cover ground extremely quickly. (Speed+++)
You are dopey. (Int -2)


Message History

Your butterfly dies!
Your butterfly disappears in a burst of colours!
Your butterfly is engulfed in a cloud of scalding steam.
Your butterfly dies!
Your butterfly disappears in a burst of colours!
Unknown command.
Your butterfly is engulfed in a cloud of scalding steam.
Your butterfly dies!
Your butterfly disappears in a burst of colours!
Your butterfly is engulfed in a cloud of scalding steam.
Your butterfly dies!
Your butterfly disappears in a burst of colours!
You feel much better.
Your butterfly is engulfed in a cloud of scalding steam.
Your butterfly dies!
Your butterfly disappears in a burst of colours!
Unknown command.
Unknown command.
A hellwing comes into view. 3 slime creatures come into view.
A slime creature comes into view.
The slime creature quivers. 2 slime creatures come into view.
The slime creature quivers.
A slime creature comes into view. x2
A slime creature comes into view.
The smoke demon gestures at you. Something smites you!
The hellwing swoops through the air toward you!
The hellwing completely misses you. x2
The slime creature misses you.
A freezing wraith comes into view.
The slime creature attacks as it pursues you!
The slime creature closely misses you.
The slime creature quivers.
Found a scroll labelled JEISEUNGERO. 2 vampire mosquitoes come into view.
The smoke demon gestures at you. Something smites you!
You die...

...D..#....##........,,,,,,,,,*
......##........J....###***,*,*
.....#........J......#?#,*,**,*
...b.##.......J......##y*,*,*,*
......#.....⌠JJ...#..#.#,*,**,*
..........3J4.....#..##y*,*,*,*
............J........#.#,*,**,*
...............J.....##,*,*,*,*
.............W..@##..*,******,*
............#....#*,,,,,,,,,,,*
...4..............#,,,,********
...43∩...........##*****
.,,,............##
.,,,,...........#
,**,,,......#..##
,,,,,,,.....####
,,,,,,,,...,,,,*


You could see 8 slime creatures, a hellwing, a freezing wraith, a smoke demon
and 2 vampire mosquitoes.

Vanquished Creatures
  Pikel (D:6)
  Psyche (D:8)
  A meliai zombie (D:10)
  A shadow (D:9)
  4 yaks
  2 steam dragons (D:6)
  3 vampire mosquitoes (D:13)
  Edmund (D:6)
  Duvessa (D:6)
  2 water moccasins
  A sky beast (D:7)
  2 ice beasts
  A black bear (D:5)
  2 orc warriors (D:10)
  An ogre (D:6)
  3 centaurs
  A phantom (D:4)
  A kobold brigand (D:5)
  4 bullfrogs
  2 scorpions (D:5)
  8 wights
  Dowan (D:6)
  6 killer bees (D:9)
  2 bombardier beetles
  A centaur zombie (D:7)
  3 hounds
  2 orc priests
  A sleepcap (D:5)
  An iguana (D:6)
  4 orc wizards
  2 killer bee zombies (D:7)
  An ogre zombie (D:7)
  A mummy (D:7)
  5 gnolls
  6 adders
  A shadow imp (D:5)
  A white imp (D:5)
  4 ufetubi
  A ribbon worm (D:2)
  4 dart slugs
  16 orcs
  4 ball pythons
  9 endoplasms
  2 giant cockroaches
  6 goblins
  7 hobgoblins
  7 jackals
  9 kobolds
  2 quokkas
  3 bats
  2 frilled lizards
  2 goblin zombies (D:5)
  3 hobgoblin zombies (D:5)
  2 kobold zombies (D:5)
  An orc skeleton (D:5)
  An orc zombie (D:5)
  7 rats
173 creatures vanquished.

Notes
Turn   | Place    | Note
-------+----------+-------------------------------------------
     0 | D:1      | Doomgape the Spriggan Conjurer began the quest for the Orb.
     0 | D:1      | Reached XP level 1. HP: 9/9 MP: 5/5
   335 | D:1      | Reached XP level 2. HP: 12/13 MP: 1/7
   406 | D:1      | Learned a level 2 spell: Searing Ray
  1281 | D:2      | Reached XP level 3. HP: 16/16 MP: 5/8
  1289 | D:2      | Reached skill level 4 in Stealth
  1582 | D:2      | Found a basalt altar of Yredelemnul.
  2248 | D:2      | Reached XP level 4. HP: 21/21 MP: 3/10
  2604 | D:3      | Reached skill level 5 in Stealth
  2679 | D:3      | Reached XP level 5. HP: 24/24 MP: 1/12
  3504 | D:4      | Noticed a phantom
  3517 | D:4      | Killed a phantom
  3518 | D:4      | Reached skill level 6 in Stealth
  3518 | D:4      | Reached XP level 6. HP: 28/28 MP: 0/14
  3626 | D:4      | Reached skill level 5 in Spellcasting
  3636 | D:4      | Learned a level 4 spell: Airstrike
  3638 | D:4      | Learned a level 1 spell: Shock
  3957 | D:5      | Entered Level 5 of the Dungeon
  4418 | D:5      | Reached skill level 1 in Air Magic
  4419 | D:5      | Reached skill level 7 in Stealth
  4610 | D:5      | Found a glowing golden altar of the Shining One.
  4616 | D:5      | Reached XP level 7. HP: 32/32 MP: 8/15
  4783 | D:5      | Reached skill level 8 in Stealth
  5346 | D:6      | Noticed Duvessa
  5493 | D:6      | Killed Duvessa
  5494 | D:6      | Reached skill level 5 in Conjurations
  5494 | D:6      | Reached XP level 8. HP: 36/36 MP: 11/16
  5529 | D:6      | Reached skill level 9 in Stealth
  5530 | D:6      | Identified 2 scrolls of acquirement
  5530 | D:6      | Acquired a staff of conjuration
  5540 | D:6      | Noticed Dowan
  5545 | D:6      | Killed Dowan
  5669 | D:6      | Acquired an amulet of magic regeneration
  6141 | D:6      | Reached skill level 10 in Stealth
  6226 | D:6      | Noticed Pikel
  6273 | D:6      | Killed Pikel
  6274 | D:6      | Reached skill level 5 in Air Magic
  6274 | D:6      | Reached XP level 9. HP: 39/39 MP: 15/17
  6472 | D:6      | Reached skill level 11 in Stealth
  6483 | D:6      | Noticed Edmund
  6533 | D:6      | Killed Edmund
  6966 | D:7      | Found a staircase to the Ecumenical Temple.
  6976 | Temple   | Entered the Ecumenical Temple
  7070 | D:7      | Noticed Joseph
  7201 | D:7      | Found a hide-covered altar of Uskayaw.
  7225 | D:7      | Learned a level 2 spell: Ensorcelled Hibernation
  7321 | D:7      | Reached skill level 12 in Stealth
  7491 | D:8      | Noticed Psyche
  7498 | D:8      | Killed Psyche
  7773 | D:8      | Noticed Gastronok
  8248 | D:9      | Reached skill level 13 in Stealth
  8357 | D:10     | Entered Level 10 of the Dungeon
  8375 | D:10     | Found Nawk's Jewellery Emporium.
  8560 | D:10     | Reached XP level 10. HP: 37/44 MP: 15/18
  9238 | D:13     | Reached skill level 5 in Dodging
  9256 | D:13     | Noticed a cyclops
  9257 | D:13     | Noticed a boulder beetle
  9273 | D:13     | Found a gate leading to a gauntlet.
  9286 | Gauntlet | Entered a Gauntlet
  9286 | Gauntlet | Noticed a necromancer
  9286 | Gauntlet | Found a transporter.
  9286 | Gauntlet | Found a transporter.
  9294 | Gauntlet | Found a transporter.
  9294 | Gauntlet | Found a transporter.
  9298 | Gauntlet | Found a transporter.
  9298 | Gauntlet | Found a transporter.
  9300 | Gauntlet | Noticed a moth of wrath
  9301 | Gauntlet | Noticed an eye of devastation
  9334 | Gauntlet | Found a transporter.
  9335 | Gauntlet | Found a transporter.
  9338 | Gauntlet | Noticed a fire crab
  9344 | Gauntlet | Found a transporter.
  9359 | Gauntlet | Found a runed translucent door.
  9360 | Gauntlet | Found a transporter.
  9361 | Gauntlet | Found a runed translucent door.
  9362 | Gauntlet | Noticed a wretched star
  9374 | Gauntlet | Found a transporter.
  9378 | Gauntlet | Found a transporter.
  9508 | Gauntlet | Identified the +2 cloak "Muloox" {Str+5}
  9509 | Gauntlet | Gained mutation: You are dopey. (Int -2) [a neqoxec]
  9525 | Gauntlet | Noticed a minotaur
  9556 | Gauntlet | Identified the ring "Daigg" {Fire rElec rPois rN+ Dex+3}
  9556 | Gauntlet | Identified the staff "Nimnuira" {rPois Will+ Dex+4 Alchemy}
  9701 | D:14     | Noticed a manticore
  9702 | D:14     | Noticed a centaur warrior
  9706 | D:14     | Noticed a cyclops
  9710 | D:14     | Noticed a centaur warrior
  9909 | D:13     | Noticed a white ugly thing
  9979 | D:15     | Entered Level 15 of the Dungeon
 10019 | D:15     | Found a portal to a secret trove of treasure.
 10043 | D:15     | Noticed a sun demon
 10043 | D:15     | Noticed a rust devil
 10044 | D:15     | Noticed a soul eater
 10054 | D:15     | Noticed an eight-headed hydra
 10060 | D:15     | Noticed a smoke demon
 10061 | D:15     | Noticed an orange demon
 10080 | D:15     | Noticed an entropy weaver
 10092 | D:15     | Noticed a cyan ugly thing
 10093 | D:15     | Noticed a cyan ugly thing
 10093 | D:15     | Noticed a cyan ugly thing
 10093 | D:15     | Noticed a cyan ugly thing
 10100 | D:15     | Noticed a cyan ugly thing
 10144 | D:15     | Killed from afar by a smoke demon

Illustrated notes

Levels and vault maps discovered:
D:1:      reono_arrival_mine, layout_basic
D:2:      layout_basic, serial_forest, infiniplex_forest_end_3,
          infiniplex_forest_end_1, infiniplex_forest_end_3,
          infiniplex_forest_zigzag_1, infiniplex_forest_clump_long,
          infiniplex_forest_clump_large, basic_altar, bh_walls_and_bars
D:3:      layout_rooms
D:4:      layout_rooms
D:5:      layout_loops_ring, nicolae_tso_besieged_by_evil
D:6:      layout_basic, uniq_edmund, uniq_duvessa, uniq_pikel
D:7:      layout_cave_pods, grunt_temple_overflow_magic_moments,
          mainiacjoe_overflow_concentric_impassable, minmay_temple_entry_trees,
          minmay_mini_ossuary, uniq_joseph
D:8:      layout_layer_cave, nzn_life_drinkers, uniq_psyche, uniq_gastronok
D:9:      kennysheep_kobold_camp, layout_gridville, david_lair_generic,
          orc_0_dummy, uniq_jeremiah
D:10:     bobbens_index_wilting_gardens, layout_basic,
          okawaru_altar_gauntlet_db, nicolae_overflow_two_pavilions,
          serial_shops, shop, grunt_ogre_cave
D:11:     layout_basic
D:12:     layout_stronghold
D:13:     nzn_winding_woodlands_cross [nzn_winding_woodlands_5x15_default,
          nzn_winding_woodlands_5x15_pathside_ponds,
          nzn_winding_woodlands_5x15_longhouse,
          nzn_winding_woodlands_5x15_parted,
          nzn_winding_woodlands_15x15_killbox], layout_basic,
          gauntlet_entry_generic
D:14:     layout_rooms, grunt_vaults_entry_tiered, serial_park_square2,
          kennysheep_two_boxes
D:15:     grunt_enter_depths_snipers, layout_cave_pools, enter_trove_6,
          serial_demonic, serial_demonic_d, serial_demonic_f, serial_demonic_d,
          serial_demonic_d, einodemon_crawler_minivault
Temple:   nicolae_temple_bog_church

Skill      XL: |  1  2  3  4  5  6  7  8  9 10 |
---------------+-------------------------------+-----
Conjurations   | 3 4 5 7 |  7.4
Dodging        | 3 5 |  5.1
Spellcasting   | 3 4 5 |  5.0
Stealth        | 4 5 6 7 8 10 13 | 13.8
Air Magic      | 1 3 5 6 7 |  7.2

Action                     |  1- 3 |  4- 6 |  7- 9 | 10-12 || total
---------------------------+-------+-------+-------+-------++-------
  Melee: Staff             |       |       |     4 |       ||     4
   Cast: Magic Dart        |    56 |    46 |     9 |       ||   111
         Searing Ray       |     8 |    23 |    54 |    17 ||   102
         Shock             |       |    38 |   139 |    18 ||   195
         Airstrike         |       |       |     1 |     6 ||     7
    Use: Scroll            |       |     7 |    11 |     4 ||    22
         Potion            |       |       |     1 |    13 ||    14
 Armour: Robe              |     5 |    10 |    22 |       ||    37
         Steam dragon scal |       |       |    34 |    41 ||    75
  Dodge: Dodged            |     4 |    24 |    87 |    62 ||   177
